[Event "*** Titled Tuesday 3|2 Blitz"]
[Site "Chess.com"]
[Date "2014.12.30"]
[Round "5"]
[White "rhungaski"]
[Black "LADIESGET2KNOWME"]
[Result "1-0"]
[WhiteElo "2408"]
[BlackElo "2230"]
[TimeControl "180+2"]
[EndTime "12:05:57 PST"]
[Termination "rhungaski won on time"]

1. e4 e6 2. d4 d5 3. exd5 exd5 4.
Nf3 Nc6 5. c3 Bd6 6. Bd3 Nge7 7.
O-O O-O 8. Bg5 f6 9. Bh4 Ng6 10.
Bg3 Nce7 11. Qc2 Bg4 12. Nbd2 Qd7 13. Rae1 Rae8 14. h3 Bxh3 15. gxh3 Qxh3 16. Re2 f5 17.
Rfe1 f4 18. Bh2 Nh4 19. Nxh4 Qxh4 20. f3 Rf6 21. Re6 Ref8 22. Nf1 Nf5 23. Rxf6 Rxf6 24. Re8+ Kf7 25. Qe2 Ne3 26. Rb8 Rh6 27. Nxe3 fxe3 28.
f4 Bxf4 29. Rc8 Bxh2+ 30. Kf1 Qh3+ 31. Ke1 Bg3+ 32. Kd1 Qh1+ 33. Kc2 Bf4 34. Qg4 Rh2+ 35. Kb3 Bd6 36. Qf5+ 1-0

[Event "*** Titled Tuesday 3|2 Blitz"]
[Site "Chess.com"]
[Date "2014.12.30"]
[Round "5"]
[White "Vandros57"]
[Black "bsmail"]
[Result "0-1"]
[WhiteElo "1835"]
[BlackElo "2134"]
[TimeControl "180+2"]
[EndTime "12:05:57 PST"]
[Termination "bsmail won on time"]

1. Nf3 b5 2. e4 Bb7 3. Bxb5 Bxe4 4. d4 Nf6 5. O-O e6 6. Bd3 d5 7. Nc3 Bg6 8. Qe2 Be7 9. Ne5 Bxd3 10. Nxd3 O-O 11. Bf4 c6 12. a3 Bd6 13. Qf3 Bxf4 14.
Qxf4 Qe7 15. b4 Nbd7 16. f3 Nb6 17. Nc5 a5 18. b5 cxb5 19. Nxb5 Nc4 20. a4 h6 21. h3 Rfc8 22. Rfd1 Nd7 23. Nxd7 Qxd7 24. c3 Nb6 25. Rdb1 Nc4 26. Ra2 Rab8 27. Kh1 Rb6 28.
Kh2 Rcb8 29. Kh1 R6b7 30. Kh2 Nb6 31. Qd6 Nc4 32. Qxd7 Rxd7 33. f4 Rdb7 34. g4 Nd6 35. Rab2 Ne4 36. Rc2 Rc8 37. Kg2 Rc4 38. Ra1 Rc6 39.
Kf3 Nd6 40. Rb1 Rcb6 41. Rcb2 Nc4 42. Ra2 Kf8 43. Ke2 Ke7 44. Kd3 Nd6 45. Rab2 Ne4 0-1

[Event "*** Titled Tuesday 3|2 Blitz"]
[Site "Chess.com"]
[Date "2014.12.30"]
[Round "5"]
[White "VovAn1991"]
[Black "jlandaw"]
[Result "1-0"]
[WhiteElo "2430"]
[BlackElo "2335"]
[TimeControl "180+2"]
[EndTime "12:06:08 PST"]
[Termination "VovAn1991 won by resignation"]

1. e4 e5 2. Nf3 Nc6 3. Bc4 Nf6 4. d3 Be7 5. O-O O-O 6. a3 d6 7. h3 Be6 8. Nbd2 Qd7 9. Kh2 Rfe8 10. b4 Bf8 11. Bb2 Ne7 12. Ng5 Bxc4 13. Nxc4 Ng6 14.
g3 d5 15. Nd2 Rad8 16. Qe2 dxe4 17. Ndxe4 Nd5 18. c4 Nde7 19. Nxh7 Qxd3 20. Nhf6+ gxf6 21. Nxf6+ Kh8 22. Qxd3 Rxd3 23. Nxe8 Nc6 24. Rad1 Rb3 25.
Rd2 Bh6 26. Re2 Nd4 27. Bxd4 exd4 28. f4 Rxa3 29. Nxc7 Rc3 30. c5 a5 31. Nd5 Rc4 32.
bxa5 Rxc5 33. Nf6 Rxa5 34. Rd1 Nxf4 35. gxf4 Bxf4+ 36. Kh1 Be5 37. Ng4 Bg7 38. Nf2 Ra3 39. Rd3 Ra5 40. Rf3 Rd5 41. Nd3 Rd7 42. Re4 b5 43. Rh4+ Kg8 44. Rg4 Kf8 45. Rg5 Rb7 46.
Nc5 Ra7 47. Ne6+ Ke7 48. Nxg7 b4 49. Rd5 b3 50. Rxb3 1-0

[Event "*** Titled Tuesday 3|2 Blitz"]
[Site "Chess.com"]
[Date "2014.12.30"]
[Round "5"]
[White "LuckyTiger"]
[Black "DanielRensch"]
[Result "1-0"]
[WhiteElo "2494"]
[BlackElo "2345"]
[TimeControl "180+2"]
[EndTime "12:06:13 PST"]
[Termination "LuckyTiger won by resignation"]

1. e4 c5 2. c3 d6 3. d4 Nf6 4. Bd3 g6 5. h3 Qc7 6. Nf3 Bg7 7. O-O O-O 8. Re1 cxd4 9. cxd4 e5 10. d5 Na6 11. Nc3 Nc5 12. Bc2 a5 13. Bg5 b6 14. a3 h6 15. Be3 Ba6 16. Rc1 Rfc8 17. b4 Ncd7 18. Bb1 Qd8 19. Bd3 Bxd3 20. Qxd3 axb4 21. axb4 Ra3 22. Nd2 b5 23. Rc2 Nb6 24.
Qxb5 Nfd7 25. Rec1 Kh7 26. Ne2 Rxc2 27. Rxc2 f5 28.
Rc3 Ra1+ 29. Kh2 f4 30. Bxb6 Nxb6 31. Rc6 Na4 32. Ra6 Ra2 33. Nf3 Nc3 34. Nxc3 Rxf2 35. Ra2 Rxf3 36. gxf3 Qh4 37. Qf1 Qg3+ 38. Kh1 Bf6 39.
b5 Bd8 40. Ra7+ Kh8 41. Ra8 Qh4 42. b6 Kg7 43. Ra7+ Kf6 44. b7 Bc7 45. Nb5 Bb8 46. Ra8 1-0

[Event "*** Titled Tuesday 3|2 Blitz"]
[Site "Chess.com"]
[Date "2014.12.30"]
[Round "5"]
[White "GedoGluperd"]
[Black "bugsbunny444"]
[Result "0-1"]
[WhiteElo "2292"]
[BlackElo "2235"]
[TimeControl "180+2"]
[EndTime "12:06:30 PST"]
[Termination "bugsbunny444 won by resignation"]

1. d4 e6 2. g3 d5 3. Bg2 Nf6 4. Nf3 b5 5. a4 b4 6. c4 bxc3 7. bxc3 Ba6 8. O-O Be7 9. Nbd2 O-O 10.
Ba3 Nbd7 11. Re1 Rb8 12. e4 dxe4 13. Nxe4 Nxe4 14. Rxe4 Bxa3 15. Rxa3 c5 16. Rh4 Nf6 17. Ne5 Qd6 18. Ra1 Rfc8 19. g4 cxd4 20. cxd4 h6 21.
Qd2 Rb4 22. g5 hxg5 23. Qxg5 Bb7 24. Bxb7 Rxb7 25. Qg3 Rcb8 26. Qd3 Rb3 27. Qc2 Rb2 28. Qd3 R8b3 29. Qf1 Qb4 30. Rc1 Rb1 31. Rc8+ Qf8 32. Rh8+ Kxh8 33. Rxf8+ Kh7 34. Rxf7 Rxf1+ 35. Kxf1 Rb4 36.
Rxa7 Rxd4 37. a5 Ra4 38. a6 Ra2 39. Nd3 Ne4 40. Kg2 Ra3 41. Kf3 Nc5 42. Ke3 Rxd3+ 43.
Ke2 Ra3 44. h4 Rxa6 45. Rc7 Ne4 46. Ke3 Nf6 47. f4 Nd5+ 48. Kd4 Nxc7 49. h5 Ra5 50. h6 Kxh6 51. f5 Rxf5 52. Kc4 g5 53. Kd4 g4 54. Kc4 g3 55. Kd4 g2 0-1

[Event "*** Titled Tuesday 3|2 Blitz"]
[Site "Chess.com"]
[Date "2014.12.30"]
[Round "5"]
[White "LittlePeasant"]
[Black "VSERGUEI"]
[Result "0-1"]
[WhiteElo "2359"]
[BlackElo "2353"]
[TimeControl "180+2"]
[EndTime "12:06:43 PST"]
[Termination "VSERGUEI won by resignation"]

1. Nf3 d5 2. c4 c6 3. d4 Nf6 4.
Qb3 dxc4 5. Qxc4 Bf5 6. g3 e6 7. Bg2 Be7 8. O-O O-O 9. e3 Nbd7 10. Rd1 h6 11. Qe2 Bh7 12. Nc3 Ne4 13. Ne1 Nxc3 14. bxc3 a5 15. e4 a4 16. Nd3 a3 17.
Rb1 b5 18. Rb3 Nb6 19. Ne5 Qc7 20. Bf4 Bd6 21. h4 Rfd8 22. Qg4 Na4 23. Rc1 Nb2 24. h5 Rac8 25. Kh2 Re8 26. c4 bxc4 27. Nxc4 Bxf4 28. gxf4 f5 29. exf5 Bxf5 30. Qg3 Nd3 31. Rxd3 Bxd3 32. Qxd3 Qxf4+ 33. Qg3 Qxc1 34. Nd6 Qg5 35. Qxa3 Qxh5+ 36.
Kg1 Qd1+ 37. Kh2 Qxd4 38. Nxc8 Rxc8 39. Qb3 Qd6+ 40. Kg1 Kf7 41. Bf3 Rb8 42. Qc4 Rb4 43. Qc2 Rf4 44. Bxc6 Rg4+ 45. Kf1 Qh2 46. Qc3 Rg1+ 47.
Ke2 Qd6 48. Be4 Qd1+ 49. Ke3 Qe1+ 50. Kd4 Qxc3+ 51. Kxc3 Ke7 52. a4 Kd6 53. a5 Kc5 54. a6 Kb6 55. Bd3 h5 56. Kd4 h4 0-1

[Event "*** Titled Tuesday 3|2 Blitz"]
[Site "Chess.com"]
[Date "2014.12.30"]
[Round "5"]
[White "MattyDPerrine"]
[Black "MikePerelshteyn"]
[Result "1-0"]
[WhiteElo "1999"]
[BlackElo "1926"]
[TimeControl "180+2"]
[EndTime "12:06:47 PST"]
[Termination "MattyDPerrine won by resignation"]

1. d4 c6 2. c4 d6 3. Nc3 Nf6 4.
g3 g6 5. Bg2 Bg7 6. Nf3 O-O 7.
O-O Bf5 8. Nh4 Be6 9. d5 cxd5 10. cxd5 Bd7 11. Nf3 Na6 12. Nd4 Rc8 13. e4 Qb6 14. Nb3 Ng4 15. h3 Ne5 16. Be3 Qd8 17. Bd4 Nc5 18.
f4 Ned3 19. Bxg7 Kxg7 20. Nxc5 Nxc5 21. Qd4+ Kg8 22. e5 Qb6 23. exd6 exd6 24. b4 Nd3 25. Qxb6 axb6 26. Ne4 Kg7 27. Nxd6 Rc2 28. Be4 Rc3 29.
Rf3 Rc1+ 30. Rxc1 Nxc1 31. a3 Ne2+ 32. Kf2 Nd4 33. Rd3 Nb5 34. Nxb5 Bxb5 35. Rc3 Rd8 36. Ke3 Kf6 37. Rc7 Rd7 38. Rxd7 Bxd7 39. h4 h5 40. d6 Ke6 41. Bxb7 Kxd6 42. Kd4 b5 43. Bd5 f6 44. Bf7 g5 45. Bxh5 gxh4 46. gxh4 Ke7 47.
Kc5 Kf8 48. Be2 Kg7 49. Bxb5 Bg4 50. Be8 Kf8 51. Bg6 Kg7 52. h5 Kh6 53. a4 Bxh5 54. Bxh5 Kxh5 55. b5 Kg4 56. b6 Kxf4 57. b7 f5 58. b8=Q+ Kg4 59. Qh2 f4 60. Qf2 1-0

[Event "*** Titled Tuesday 3|2 Blitz"]
[Site "Chess.com"]
[Date "2014.12.30"]
[Round "5"]
[White "steinitz_attack"]
[Black "playerzr"]
[Result "0-1"]
[WhiteElo "1733"]
[BlackElo "1870"]
[TimeControl "180+2"]
[EndTime "12:06:52 PST"]
[Termination "playerzr won by resignation"]

1. Nf3 Nf6 2. g3 g6 3. Bg2 Bg7 4. O-O O-O 5. d4 c6 6. c4 d5 7. cxd5 cxd5 8. e3 Nc6 9. a3 Bf5 10. Nc3 Qc8 11. Re1 Bh3 12. Bh1 Qf5 13. Nh4 Qd7 14.
Qb3 Rfd8 15. Bd2 Na5 16. Qc2 Rac8 17. Nf3 Bf5 18. Qd1 Nc4 19. Ne5 Qd6 20. Nxc4 Rxc4 21. Rc1 Rdc8 22. Qe2 a6 23. Bf3 b5 24. g4 Bd7 25. g5 Be6 26. gxf6 exf6 27. Bg2 f5 28. f4 h5 29. h4 Qe7 30. Qf2 Qd8 31. Qf3 b4 32. Nxd5 Rxc1 33. Rxc1 Rxc1+ 34. Bxc1 bxa3 35. bxa3 Bf8 36. Nb4 a5 37. Nc6 Qb6 38. d5 Bd7 39. Qd1 Bxa3 40. Bxa3 Qxe3+ 41. Kh1 Qxa3 42. Ne5 Qd6 43. Nxd7 Qxd7 44. d6 a4 45. Qa1 Qxd6 46. Qxa4 Kg7 47. Qa1+ Kh7 48. Qe5 Qd1+ 49. Kh2 Qg4 50. Qf6 Qxf4+ 51. Kh1 Qc7 52. Qg5 Kg7 53. Qf4 Qxf4 0-1

[Event "*** Titled Tuesday 3|2 Blitz"]
[Site "Chess.com"]
[Date "2014.12.30"]
[Round "5"]
[White "Irochka83"]
[Black "AlmirDzhumaev"]
[Result "1-0"]
[WhiteElo "2296"]
[BlackElo "2067"]
[TimeControl "180+2"]
[EndTime "12:07:03 PST"]
[Termination "Irochka83 won by resignation"]

1. Nf3 d5 2. g3 g6 3. Bg2 Bg7 4.
O-O Nf6 5. c4 c6 6. cxd5 cxd5 7.
d4 O-O 8. Ne5 Ne4 9. Nd2 Nxd2 10. Bxd2 Nc6 11. Nxc6 bxc6 12. Be3 Rb8 13. Qd2 Qb6 14.
b3 Bf5 15. Rac1 Rfc8 16. Rc5 Bf8 17. Bf4 Rb7 18. Rcc1 Bg7 19. Rfd1 Qb4 20. Qxb4 Rxb4 21. Be3 Bd7 22. Rc3 a5 23. a3 Rb6 24. Rc5 Ra8 25. Rd3 Bf8 26. Bd2 a4 27. b4 e5 28.
Rc1 exd4 29. Rxd4 Bg7 30. Rd3 Bf5 31. Be3 Rba6 32. Rd2 Rd8 33. Bd4 Bf8 34. e3 h5 35.
Bf1 Raa8 36. Rxc6 Bd7 37. Rc1 Rac8 38. Rdc2 Bd6 39. Rxc8 Rxc8 40. Rxc8+ Bxc8 41. Bb5 Bb7 42. Bxa4 Kf8 43. Kf1 Ke7 44. Ke2 g5 45. Bc2 h4 46.
Bd3 Bc8 47. Bc5 Bg4+ 48. Kd2 Bd7 49. Kc3 Ke6 50. Bxd6 Kxd6 51. Kd4 Ba4 52. Bb1 f6 53. Ba2 Bc6 54. Bb3 Ke6 55. a4 Kd6 56. b5 Bb7 57. a5 Bc8 58. b6 Bb7 59. Ba4 Ba6 60. Bb3 Bb7 61. Ba2 f5 62. Bb1 Bc8 63. Bd3 hxg3 64.
hxg3 f4 65. gxf4 gxf4 66. exf4 Kc6 67. f5 1-0

[Event "*** Titled Tuesday 3|2 Blitz"]
[Site "Chess.com"]
[Date "2014.12.30"]
[Round "5"]
[White "DrHolmes13"]
[Black "jasrom"]
[Result "1-0"]
[WhiteElo "2211"]
[BlackElo "2210"]
[TimeControl "180+2"]
[EndTime "12:07:13 PST"]
[Termination "DrHolmes13 won by resignation"]

1. Nf3 d5 2. d4 e6 3. c4 Nf6 4.
Nc3 c6 5. Bg5 Nbd7 6. cxd5 exd5 7. Qc2 Qa5 8. Bd2 Qc7 9. g3 Be7 10. Bg2 O-O 11. O-O Re8 12. Rab1 a5 13. a3 Bd6 14. b4 axb4 15. axb4 Nb6 16. Bg5 Ne4 17.
Nxe4 Rxe4 18. b5 Nc4 19. bxc6 bxc6 20. Ra1 Ba6 21. Rfd1 Ree8 22. Ra4 Na3 23. Qb3 Bxe2 24. Rxa8 Rxa8 25. Ra1 Bc4 26. Qb2 h6 27. Bd2 Rb8 28. Qc3 Rb3 29. Qc1 Qb6 30. Be3 Bb4 31. Ne5 Bc3 32. Nxc4 dxc4 33. Rxa3 Rb1 34. Rxc3 Rxc1+ 35. Rxc1 Qb5 36. Be4 g6 37. Bf3 Qb3 38. Bxc6 g5 39.
Bd5 Kg7 40. Bxc4 Qb2 41. Bf1 f6 42. Bg2 Kg6 43. Be4+ f5 44. Bf3 g4 45. Bg2 Kf7 46.
Rd1 Ke6 47. d5+ Kd7 48. d6 Qc2 49. Re1 h5 50. Bd5 Kxd6 51. Bf7 h4 52. Bf4+ Kd7 53. Be6+ Kc6 54. Rc1 Qxc1+ 55. Bxc1 1-0

[Event "*** Titled Tuesday 3|2 Blitz"]
[Site "Chess.com"]
[Date "2014.12.30"]
[Round "5"]
[White "Philofive"]
[Black "IMRosen"]
[Result "1-0"]
[WhiteElo "2269"]
[BlackElo "2032"]
[TimeControl "180+2"]
[EndTime "12:07:59 PST"]
[Termination "Philofive won by resignation"]

1. d4 d5 2. c4 e6 3. Nc3 Nf6 4. Bg5 Be7 5. e3 O-O 6. Nf3 a6 7. Rc1 Nbd7 8. Qc2 dxc4 9. Bxc4 b5 10. Bd3 h6 11. Bxf6 Nxf6 12. Ne4 Nd5 13. a3 b4 14. a4 Bb7 15. O-O Rc8 16. Ne5 Bd6 17. Nc6 Qd7 18. Na5 Ba8 19. Bxa6 Rb8 20. Bb5 Qe7 21. Nc6 Bxc6 22. Qxc6 Bxh2+ 23. Kxh2 Qh4+ 24. Kg1 Qxe4 25. Be2 Rb6 26. Qc2 Qxc2 27. Rxc2 b3 28. Rc4 Ra8 29. Ra1 Ra5 30. Bf3 Rba6 31. Bxd5 exd5 32.
Rxc7 Rb6 33. Rc5 Rxc5 34. dxc5 Rc6 35. a5 Rxc5 36. a6 Rc8 37. a7 Ra8 38. Kf1 Kf8 39. Ke2 Ke7 40. Kd3 Kd7 41. Kc3 Kc7 42. Kxb3 Kb7 43.
Kc3 Rc8+ 44. Kd3 Ka8 45. g4 Rc4 46. f3 Rb4 47. Kc3 Rb7 48. Ra2 g6 49. Kd4 Rb5 50.
Ke5 h5 51. gxh5 gxh5 52. Kf4 Rb3 53. Ra5 h4 54. Rxd5 Rb4+ 55. e4 Rxb2 56. Rd7 h3 57. Rxf7 h2 58. Rh7 Rg2 59. Kf5 Rf2 60. f4 Rg2 61. e5 Re2 62. Kf6 Rf2 63. f5 Rb2 64. e6 Re2 65. Ke7 Kxa7 66. f6 Rb2 67. f7 Ka6 68. Rh5 Rb7+ 69. Kf6 Rb8 70. Rxh2 1-0

[Event "*** Titled Tuesday 3|2 Blitz"]
[Site "Chess.com"]
[Date "2014.12.30"]
[Round "5"]
[White "AUSSIE_PINOY"]
[Black "NMLuo"]
[Result "0-1"]
[WhiteElo "2262"]
[BlackElo "2141"]
[TimeControl "180+2"]
[EndTime "12:08:28 PST"]
[Termination "NMLuo won by resignation"]

1. d4 Nf6 2. Nf3 g6 3. c4 c5 4.
d5 e6 5. Nc3 exd5 6. cxd5 d6 7.
Bg5 Bg7 8. e3 h6 9. Bh4 O-O 10.
Be2 g5 11. Bg3 Nh5 12. Nd2 Nxg3 13. hxg3 Nd7 14. O-O Qe7 15. a4 Ne5 16. a5 Bf5 17. e4 Bd7 18. Re1 f5 19. exf5 Bxf5 20. Qb3 Qf7 21. Rf1 Rae8 22. Nb5 Qg6 23. Nxa7 Re7 24. Nb5 Bc2 25. Qa3 Nd3 26. Bxd3 Bxd3 27. Nc3 Bxf1 28.
Rxf1 Bd4 29. Nf3 Bg7 30. Qb3 g4 31. Nh4 Qd3 32. Qb6 Be5 33. Qb5 c4 34. a6 bxa6 35.
Qxa6 Bxg3 36. Nb5 Rxf2 37. Ra1 Rf6 38. Qc8+ Kg7 39. Qxg4+ Rg6 40. Nxg6 Qxg6 41. Qxg6+ Kxg6 42. Nc3 Kf5 43. Rf1+ Kg5 44. Nd1 Re2 45. Nc3 Rxb2 46. Ne4+ Kg4 47. Nf6+ Kh4 48. Ne4 Rc2 49. Nxg3 Kxg3 50.
Rf3+ Kg4 51. Rf6 Rc1+ 52. Kh2 c3 53. Rxd6 c2 54. Rc6 Kf5 55. d6 Ke6 56. Kg3 h5 57. Rc3 Kxd6 58. Rc4 Kd5 59. Rc8 Kd4 60. Rd8+ Ke3 61.
Re8+ Kd3 62. Rd8+ Ke4 63. Re8+ Kf5 64. Rf8+ Ke6 65. Re8+ Kd7 66. Re2 Kd6 67. Rd2+ Ke5 68. Re2+ Kd4 69. Rf2 Ke3 70. Rf3+ Kd4 71. Rf2 Kc3 72.
Rf3+ Kb2 73. Rf2 Rh1 74. Kf4 Kb1 75. Kg5 0-1

[Event "*** Titled Tuesday 3|2 Blitz"]
[Site "Chess.com"]
[Date "2014.12.30"]
[Round "5"]
[White "Yaacovn"]
[Black "FlySooHigh"]
[Result "1/2-1/2"]
[WhiteElo "2586"]
[BlackElo "2364"]
[TimeControl "180+2"]
[EndTime "12:09:17 PST"]
[Termination "Game drawn by repetition"]

1. d4 Nf6 2. Nf3 c5 3. c3 e6 4. Bg5 h6 5. Bh4 b6 6. e4 g5 7. Bg3 Nxe4 8. Be5 Nf6 9. Nbd2 d6 10. Bb5+ Bd7 11. Bxf6 Qxf6 12. Ne4 Qe7 13. Qe2 d5 14. Ne5 Bg7 15. Bxd7+ Nxd7 16. Nc6 Qf8 17. Ng3 Qd6 18. Nf5 Qxc6 19. Nxg7+ Kf8 20. Nh5 cxd4 21. cxd4 Qc4 22.
Qd2 Rc8 23. b3 Qc3 24. Qxc3 Rxc3 25. Kd2 Rc8 26. h4 Ke7 27. Rae1 Nf6 28. Ng3 Kd6 29.
f3 g4 30. f4 Nd7 31. f5 e5 32.
dxe5+ Nxe5 33. f6 Ke6 34. Rhf1 d4 35. Rf5 Rc5 36. b4 Rd5 37. Rf4 Rc8 38. Nf5 Rc4 39. a3 a5 40. Ng7+ Kd6 41. Rb1 axb4 42. axb4 Rb5 43. Nf5+ Kd5 44. Ne7+ Ke6 45. Nf5 Rcxb4 46. Rc1 Kd5 47. Ne7+ Ke6 48. Nf5 Rb2+ 49. Kd1 Rd5 50. Rc7 Kxf6 51. Ne3+ Ke6 52. Nxd5 Kxd5 53. Rc2 Rb1+ 54.
Kd2 Rg1 55. Rf2 g3 56. Re2 d3 57. Rxe5+ Kxe5 58. Kxd3 f5 59. Ke3 f4+ 60. Kf3 Rf1+ 61.
Kg4 Rf2 62. Rc8 Rxg2 63. Re8+ Kd4 64. Kxf4 Rg1 65. Kf3 b5 66. Rb8 Kc4 67. Rc8+ Kb3 68. Rh8 b4 69. Rxh6 Kb2 70. Rb6 b3 71. h5 Kc2 72.
Rc6+ Kb1 73. h6 b2 74. h7 Rh1 75. Rc7 Ka2 76. Ra7+ Kb3 77. Rb7+ Kc3 78. Rc7+ Kd3 79. Rd7+ Kc4 80. Rc7+ Kd4 81. Rd7+ Kc3 82. Rc7+ Kd3 83. Rd7+ Kc4 84. Rc7+ Kd3 85. Rd7+ Kc2 86. Rc7+ Kd2 87. Rd7+ Kc3 88. Rc7+ Kd3 89. Rd7+ 1/2-1/2

[Event "*** Titled Tuesday 3|2 Blitz"]
[Site "Chess.com"]
[Date "2014.12.30"]
[Round "6"]
[White "chessmachined"]
[Black "ItalianMachine"]
[Result "1-0"]
[WhiteElo "2137"]
[BlackElo "2159"]
[TimeControl "180+2"]
[EndTime "12:14:13 PST"]
[Termination "chessmachined won by resignation"]

1. d4 Nf6 2. c4 e5 3. dxe5 Ng4 4.
Bf4 Nc6 5. Nf3 Bc5 6. e3 Qe7 7. Nbd2 Ngxe5 8. Nxe5 Nxe5 9. a3 a5 10. Nb3 Bb6 11. c5 Ba7 12. Qd5 d6 13. cxd6 cxd6 14. Bb5+ Bd7 15. Rd1 a4 16. Nd4 Rd8 17. Nf5 Bxb5 18.
Nxe7 Ba6 19. Bxe5 Kxe7 20. Bxd6+ 1-0

[Event "*** Titled Tuesday 3|2 Blitz"]
[Site "Chess.com"]
[Date "2014.12.30"]
[Round "6"]
[White "VSERGUEI"]
[Black "exoticprincess"]
[Result "0-1"]
[WhiteElo "2340"]
[BlackElo "2665"]
[TimeControl "180+2"]
[EndTime "12:15:30 PST"]
[Termination "exoticprincess won by checkmate"]

1. d4 Nf6 2. c4 d6 3. Nc3 Bf5 4. g3 e5 5. Bg2 c6 6. d5 Be7 7. e4 Bg4 8. f3 Bd7 9. Be3 O-O 10. Nge2 cxd5 11. cxd5 b5 12. a3 a5 13.
b4 Na6 14. Rb1 axb4 15. axb4 Qb8 16. O-O Bd8 17. Kh1 h6 18. Qd2 Bb6 19. Bxh6 gxh6 20. Qxh6 Nh7 21. f4 Be3 22. Nd1 Bd2 23. Rb2 Bxb4 24.
Ne3 Bc5 25. Nf5 Bxf5 26. exf5 f6 27. Nc3 b4 28. Ne4 Bd4 29. Rd2 Nc5 30. fxe5 Nxe4 31. Rxd4 Neg5 32. e6 Ra7 33. h4 b3 34. Re1 b2 35.
Rdd1 Rg7 36. Rb1 Qb3 37. hxg5 Nxg5 38. e7 Re8 39. Qxf6 Qxg3 40. Re2 Rh7+ 41. Kg1 Nf3+ 42. Kf1 Rh1+ 43. Bxh1 Qg1# 0-1

[Event "*** Titled Tuesday 3|2 Blitz"]
[Site "Chess.com"]
[Date "2014.12.30"]
[Round "6"]
[White "vinceyoung15"]
[Black "Yaacovn"]
[Result "0-1"]
[WhiteElo "1993"]
[BlackElo "2587"]
[TimeControl "180+2"]
[EndTime "12:15:46 PST"]
[Termination "Yaacovn won by resignation"]

1. e4 c6 2. d4 d5 3. exd5 cxd5 4. Bd3 Nf6 5. c3 Bg4 6. Qb3 Qc7 7. f3 Bh5 8. Ne2 Nc6 9. Bf4 Qb6 10.
Nd2 e6 11. O-O Be7 12. Kh1 O-O 13. Ng3 Bg6 14. Bxg6 hxg6 15. Rae1 Qa6 16. Be5 Nxe5 17. dxe5 Nd7 18. f4 Nc5 19. Qc2 Qd3 20. Qxd3 Nxd3 21. Rb1 Bc5 22. h3 Be3 23. Rf3 Bxd2 24. Rxd3 Bxf4 25.
Re1 Rfc8 26. Rf3 Bxg3 27. Rxg3 b5 28. Rg4 Rc4 29. Rxc4 bxc4 30. Kg1 Rb8 31. Re2 g5 32. Kf2 Kh7 33. Ke3 Kg6 34. Kd4 a5 35. a4 Rc8 36.
Rf2 f6 37. Re2 f5 38. Rf2 f4 39. Rf3 Rh8 40. Rf2 Rh4 41. Kc5 Kf5 42. Kb5 Kxe5 43. Kxa5 Kd6 44. Kb5 Rh8 45. a5 Rb8+ 46. Ka4 e5 47. a6 e4 48. b4 cxb3 49. Rb2 e3 50. Ka5 Kc5 51. a7 Ra8 52. Ka6 Kc4 53. Kb7 Rxa7+ 54.
Kxa7 Kxc3 0-1

[Event "*** Titled Tuesday 3|2 Blitz"]
[Site "Chess.com"]
[Date "2014.12.30"]
[Round "6"]
[White "MisaPap"]
[Black "megarompa"]
[Result "1/2-1/2"]
[WhiteElo "2385"]
[BlackElo "2505"]
[TimeControl "180+2"]
[EndTime "12:15:48 PST"]
[Termination "Game drawn by repetition"]

1. e4 e5 2. Nf3 Nc6 3. Bc4 Nf6 4.
d4 exd4 5. e5 d5 6. Bb5 Ne4 7. Nxd4 Bd7 8. Bxc6 bxc6 9. O-O Bc5 10.
f3 Ng5 11. Be3 O-O 12. f4 Ne4 13. Nd2 Nxd2 14. Qxd2 Bb6 15. Nb3 a5 16. a4 Re8 17.
Kh1 Bf5 18. Bc5 Be4 19. Rae1 Qc8 20. h3 Qxh3+ 21. Kg1 Qh6 22. Qc3 f5 23. Re3 Re6 24. Rh3 Qg6 25. Rg3 Qe8 26. Nd4 Rg6 27. Rxg6 Qxg6 28.
Rf2 Rc8 29. b4 axb4 30. Qxb4 h6 31. a5 Bxc5 32. Qxc5 Rb8 33. Nb3 Qg4 34. Qxc6 Qd1+ 35. Kh2 Qh5+ 36. Kg1 Qd1+ 37. Kh2 Qh5+ 38. Kg1 Qd1+ 39.
Kh2 1/2-1/2

[Event "*** Titled Tuesday 3|2 Blitz"]
[Site "Chess.com"]
[Date "2014.12.30"]
[Round "6"]
[White "jlandaw"]
[Black "DanielNaroditsky"]
[Result "0-1"]
[WhiteElo "2330"]
[BlackElo "2522"]
[TimeControl "180+2"]
[EndTime "12:15:54 PST"]
[Termination "DanielNaroditsky won by resignation"]

1. e4 c5 2. Nc3 Nc6 3. g3 g6 4.
Bg2 Bg7 5. d3 e6 6. Be3 d6 7. f4 Nge7 8. Nf3 O-O 9. O-O f5 10. Bf2 b6 11. d4 fxe4 12. Nxe4 d5 13. Nc3 c4 14. Re1 Nf5 15. Qd2 a6 16. g4 Nh6 17. h3 Nf7 18. Ne2 b5 19. Ng3 Bd7 20. Re2 Qc7 21. Rae1 Rae8 22. h4 Nh6 23. g5 Ng4 24.
Ne5 Ncxe5 25. fxe5 c3 26. Qxc3 Qxc3 27. bxc3 Rc8 28.
Bh3 Nxf2 29. Rxf2 Rxc3 30. Rxf8+ Bxf8 31. Kf2 Rxc2+ 32. Re2 Rc4 33. Rd2 Bb4 34. Rb2 Bc3 35. Re2 Bxd4+ 36. Kg2 b4 37. h5 a5 38. Nf1 a4 39. Nh2 b3 40. axb3 axb3 41. Ng4 b2 42. Nf6+ Kf7 43. Rxb2 Bxb2 44. Nxd7 gxh5 0-1

[Event "*** Titled Tuesday 3|2 Blitz"]
[Site "Chess.com"]
[Date "2014.12.30"]
[Round "6"]
[White "bsmail"]
[Black "gumersindo"]
[Result "0-1"]
[WhiteElo "2125"]
[BlackElo "2116"]
[TimeControl "180+2"]
[EndTime "12:16:18 PST"]
[Termination "gumersindo won by checkmate"]

1. d4 d5 2. c4 c6 3. Nf3 Nf6 4.
Nc3 a6 5. cxd5 cxd5 6. Bf4 Nc6 7. e3 Bg4 8. h3 Bd7 9. Qb3 Bc8 10. Bd3 e6 11. a3 Bd6 12. Bxd6 Qxd6 13. O-O O-O 14.
Qc2 Bd7 15. b4 Rac8 16. Nd2 Na7 17. Qb3 Rc7 18. Qb2 Rfc8 19. Rfc1 e5 20. Nb3 e4 21. Be2 Nb5 22. Nc5 Nxc3 23. Rxc3 b6 24. Bxa6 bxc5 25. Bxc8 Rxc8 26. Rxc5 Rf8 27. a4 g5 28. a5 g4 29.
a6 gxh3 30. g3 h2+ 31. Kxh2 Ng4+ 32. Kg2 Qf6 33. Qe2 Qh6 34. Rh1 Qf6 35. Rxd5 Be6 36. Rd6 Qf5 37. b5 Bc4 38. Qxc4 Qf3+ 39. Kh3 Nxf2+ 40.
Kh4 Qg4# 0-1

[Event "*** Titled Tuesday 3|2 Blitz"]
[Site "Chess.com"]
[Date "2014.12.30"]
[Round "6"]
[White "Carolina-moon"]
[Black "AlmirDzhumaev"]
[Result "0-1"]
[WhiteElo "1886"]
[BlackElo "2071"]
[TimeControl "180+2"]
[EndTime "12:16:39 PST"]
[Termination "AlmirDzhumaev won by resignation"]

1. e4 e5 2. Nf3 Nc6 3. Bb5 a6 4.
Bxc6 dxc6 5. O-O Bg4 6. h3 h5 7. d3 Qf6 8. Nbd2 Bd6 9. Re1 Be6 10. Nc4 Ne7 11. Bg5 Qg6 12. Bxe7 Bxe7 13. Ncxe5 Qh7 14.
Qe2 f6 15. Nc4 g5 16. Nd4 Bd7 17. Nf5 O-O-O 18. Nxe7+ Qxe7 19. Qe3 Kb8 20. a4 Rdg8 21. Ra3 h4 22. Rb3 g4 23. Na5 b5 24. axb5 cxb5 25.
hxg4 Rxg4 26. Qf3 Rhg8 27. Kf1 Rxg2 28. e5 Rg1+ 29. Ke2 Qxe5+ 30. Qe3 Rxe1+ 31. Kxe1 Rg1+ 32. Kd2 Qxe3+ 33. Kxe3 h3 34. Rb4 Bg4 35. Nc6+ Kb7 36.
Nd8+ Kc8 37. Rxg4 Rxg4 0-1

[Event "*** Titled Tuesday 3|2 Blitz"]
[Site "Chess.com"]
[Date "2014.12.30"]
[Round "6"]
[White "playerzr"]
[Black "hitaman"]
[Result "0-1"]
[WhiteElo "1868"]
[BlackElo "2386"]
[TimeControl "180+2"]
[EndTime "12:16:48 PST"]
[Termination "hitaman won by resignation"]

1. d4 d5 2. c4 c6 3. Nf3 Nf6 4. e3 Bf5 5. Nc3 e6 6. Be2 h6 7. O-O Nbd7 8. Qb3 Qb6 9. c5 Qxb3 10. axb3 a6 11. b4 Rc8 12. Bd2 Ne4 13. Nxe4 Bxe4 14. Bc3 g5 15. Nd2 Bg6 16. f3 Bg7 17. Rae1 O-O 18.
Nb3 e5 19. e4 dxe4 20. dxe5 Nxe5 21. f4 gxf4 22. Rxf4 Rcd8 23. Na5 Rd7 24. h4 Nd3 25. Bxd3 exd3 26. Nc4 Rfd8 27. Nd6 Rxd6 28. cxd6 Rxd6 29. g4 Bxc3 30. bxc3 d2 31. Rd1 Bc2 32. Rff1 Bxd1 33. Rxd1 Kg7 34. Kf2 h5 35. gxh5 Kh6 36.
Ke2 Kxh5 37. Rf1 d1=Q+ 38. Rxd1 Rxd1 39. Kxd1 Kxh4 0-1

[Event "*** Titled Tuesday 3|2 Blitz"]
[Site "Chess.com"]
[Date "2014.12.30"]
[Round "6"]
[White "WanderingPuppet"]
[Black "kharposh"]
[Result "0-1"]
[WhiteElo "2043"]
[BlackElo "2012"]
[TimeControl "180+2"]
[EndTime "12:17:18 PST"]
[Termination "kharposh won on time"]

1. e4 b6 2. d4 Bb7 3. Bd3 e6 4.
Qe2 Nf6 5. Nf3 Be7 6. e5 Nd5 7. a3 c5 8. c4 Nc7 9. dxc5 bxc5 10.
O-O d5 11. exd6 Qxd6 12. Nc3 Nc6 13. Ne4 Qd8 14. Rd1 Nd4 15. Nxd4 cxd4 16. Bf4 f6 17. Qh5+ Kf8 18. Qa5 e5 19. Bd2 Ne6 20. Qa4 Bxe4 21. Bxe4 Nc5 22. Qc6 Rc8 23. Qd5 Nxe4 24.
Qxe4 Rxc4 25. Rac1 Rxc1 26. Rxc1 Kf7 27. Qb7 Qb6 28.
Rc7 Qxb7 29. Rxb7 Rc8 30. g4 Ke6 31. Ba5 Rc2 32. Rxa7 Rxb2 33. Ra6+ Kd5 34. Bc7 d3 35. Ra5+ Bc5 0-1